 Dungeon Crawl Stone Soup version 0.31.0-11-ge490571c62 (webtiles) character file.

Game seed: 1865247705243610439

7408 Drazool the Grappler (level 11, -5/103 HPs)
             Began as a Naga Shapeshifter on Jan 31, 2024.
             Was a Believer of Uskayaw.
             Slain by a yak (9 damage)
             ... on level 9 of the Dungeon.
             The game lasted 00:34:21 (10031 turns).

Drazool the Grappler (Naga Shapeshifter)           Turns: 10031, Time: 00:34:22

Health: -5/103     AC:  3    Str: 19    XL:     11   Next: 14%
Magic:  16/16      EV: 15    Int: 11    God:    Uskayaw [**....]
Gold:   472        SH:  0    Dex: 12    Spells: 10/10 levels left

rFire   . .          .
                       - Unarmed
rCold   + . .        (shield currently unavailable)
rNeg    . . .        a - melded +0 animal skin
rPois   +            (no helmet)
rElec   .            (no cloak)
rCorr   .            (no gloves)
SInv    +            (no barding)
Will    +....        w - amulet of the acrobat
Stlth   +            C - ring of protection from cold
HPRegen 0.37/turn    L - ring of flight
MPRegen 0.15/turn

%: acrobat
@: flux-form, flying, glowing, very slow
A: glow, contaminating, AC +3, large, see invisible, deformed body, poison
resistance, slowness 2, spit poison 1, naga tail 1
a: Spit Poison, Begin Untransformation, Renounce Religion, Stomp, Line Pass


You were on level 9 of the Dungeon.
You worshipped Uskayaw.
Uskayaw was noncommittal.
You were something dangerously unstable.
You visited 2 branches of the dungeon, and saw 10 of its levels.

You collected 472 gold pieces.


Innate Abilities, Weirdness & Mutations

You are something dangerously unstable.
You glow with magical radiation, making you easy to see and hit.
Foes you strike become dangerously contaminated with magical radiation.
You are incapable of wielding weapons or throwing items.
Your serpentine skin is tough. (AC +3)
You have supernaturally acute eyesight. (SInv)
Armour fits poorly on your strangely shaped body.
Your system is resistant to poisons. (rPois)
You cover ground very slowly.
You can spit poison.
You have a snake-like lower body.


   Skills:
 - Level 8.0 Fighting
 - Level 5.0 Dodging
 - Level 9.0 Unarmed Combat
 - Level 7.0 Invocations
 - Level 3.0 Evocations
 + Level 8.2 Shapeshifting


You had 10 spell levels left.
You didn't know any spells.
Your spell library contained the following spells:

 Spells                   Type           Power      Damage    Failure   Level
 Apportation              Tloc           0%         N/A       34%         1
 Kiss of Death            Conj/Necr      0%         2d5       34%         1
 Necrotise                Necr           0%         1d4       34%         1
 Jinxbite                 Hex            0%         N/A       47%         2
 Confusing Touch          Hex            0%         N/A       71%         3
 Inner Flame              Hex/Fire       0%         N/A       71%         3
 Vampiric Draining        Necr           0%         2d6       71%         3
 Dispel Undead            Necr           0%         3d6       98%         4
 Flame Wave               Conj/Fire      0%         2d4       98%         4
 Leda's Liquefaction      Alch/Erth      0%         N/A       98%         4
 Martyr's Knell           Necr/Summ      0%         N/A       98%         4
 Sticky Flame             Fire/Alch      0%         2d4       98%         4
 Alistair's Intoxication  Alch           0%         N/A       100%        5
 Curse of Agony           Necr           0%         N/A       100%        5
 Lee's Rapid Deconstruct  Erth           0%         3d4*      100%        5
 Bombard                  Conj/Erth      0%         9d1       100%        6

Inventory:

Missiles
 n - 20 poisoned darts
 r - 2 silver javelins
Armour
 a - a +0 animal skin (melded)
 f - a +0 pair of gloves
Magical Staves
 o - a staff of fire {!a}
 J - a staff of cold {!a}
Jewellery
 w - an amulet of the acrobat (around neck)
 C - a ring of protection from cold (left hand)
 I - a +6 ring of intelligence
 L - a ring of flight (right hand)
Talismans
 c - a beast talisman
 d - a flux talisman (active)
Wands
 k - a wand of acid (7)
 s - a wand of flame (51)
 u - a wand of iceblast (6)
 G - a wand of digging (4)
Scrolls
 e - a scroll of blinking
 g - a scroll of silence {unknown}
 q - a scroll of poison
 t - a scroll of amnesia {unknown}
 x - 2 scrolls of enchant armour
 y - a scroll of acquirement {unknown}
 z - a scroll of fear {unknown}
 B - a scroll of immolation {unknown}
 E - a scroll of noise
 H - 2 scrolls of vulnerability {unknown}
Potions
 b - 2 potions of ambrosia {unknown}
 h - a potion of cancellation {unknown}
 i - 4 potions of brilliance {unknown}
 j - 4 potions of curing {unknown}
 l - 3 potions of mutation {unknown}
 m - 3 potions of degeneration {unknown}
 p - 2 potions of haste {unknown}
 v - 2 potions of enlightenment {unknown}
 D - 2 potions of might {unknown}
 F - a potion of magic {unknown}

Dungeon Overview and Level Annotations

Branches:
Dungeon (9/15)             Temple (1/1) D:5
   Lair: D:8-11         Orc: D:9-12

Altars:
Ashenzari
Cheibriados
Dithmenos
Elyvilon
Fedhas
Gozag
Hepliaklqana
Makhleb
Nemelex Xobeh
Okawaru
Qazlal
Ru
Sif Muna
Trog
Uskayaw
Vehumet
Wu Jian
Xom
Yredelemnul
Zin
The Shining One

Shops:
D:1 (   D:5 [(

Annotations:
D:8 1 runed translucent door, exclusion: door, Midpoint's ghost, novice OnBr

#...............
#.....~~..######
#....~~...#
#.....~~..#
##...~~..##
#.(~~...#
######).....#
#.....(.....#
#.pY........#
#YYY........####
#..............###
#>..........##..)##
#...........####)).
#...........# ####
#...........#
#...........#
###†#########


You could see 4 yaks.


Message History

The yak is moderately wounded.
The yak gores you!
You hit the yak but do no damage.
The yak glows dangerously bright.
The yak is moderately wounded.
The yak gores you! The yak gores you. x2
You hit the yak but do no damage.
The yak shudders as magic cascades through it!!
The yak twists and deforms.
The yak is severely wounded.
The yak completely misses you. The yak gores you. The yak gores you!
* * * LOW HITPOINT WARNING * * *
Unknown command.
You barely miss the yak.
The yak is severely wounded.
The yak gores you but does no damage. The yak gores you!
* * * LOW HITPOINT WARNING * * *
The yak misses you. The yak closely misses you.
Unknown command.
You barely miss the yak.
The yak is severely wounded.
The yak gores you!
* * * LOW HITPOINT WARNING * * *
You hit the yak.
The yak begins to glow.
The yak is almost dead.
The yak completely misses you. The yak gores you!
* * * LOW HITPOINT WARNING * * *
The yak gores you.
* * * LOW HITPOINT WARNING * * *
The yak gores you!
You die...

Skill      XL: |  1  2  3  4  5  6  7  8  9 10 11 |
---------------+----------------------------------+-----
Unarmed Combat | 4 5 7 8 9 |  9.0
Fighting       | 3 5 7 8 |  8.0
Shapeshifting  | 4 5 6 7 8 |  8.2
Dodging        | 2 3 4 5 |  5.0
Invocations    | 2 4 7 |  7.0
Evocations     | 3 |  3.0

Action                     |  1- 3 |  4- 6 |  7- 9 | 10-12 || total
---------------------------+-------+-------+-------+-------++-------
  Melee: Unarmed           |    82 |    85 |   199 |   210 ||   576
         Punch             |       |     2 |     1 |       ||     3
  Throw: Dart              |       |     1 |     8 |       ||     9
         Javelin           |       |       |     1 |       ||     1
 Invoke: Stomp             |       |       |       |     2 ||     2
Ability: Spit Poison       |    20 |    32 |    32 |    23 ||   107
  Evoke: Wand              |       |     2 |     6 |    15 ||    23
    Use: Scroll            |       |     4 |     2 |     2 ||     8
         Potion            |       |       |     1 |       ||     1
   Stab: Sleeping          |       |     2 |       |       ||     2
         Paralysed         |       |       |    10 |    14 ||    24
 Armour: Animal skin       |    49 |    46 |    20 |       ||   115
         Skin              |       |       |   108 |   117 ||   225
  Dodge: Dodged            |    34 |    23 |   141 |   177 ||   375
   Form: Flux              |       |       |     1 |       ||     1

Levels and vault maps discovered:
D:1:      nzn_arrival_water_spiral, layout_rooms, serial_shops,
          nicolae_shop_bloodbath_and_beyond
D:2:      layout_loops_ring, st_stairs_12
D:3:      minmay_inner_zag, layout_loops_ring, hangedman_decor_riveting
D:4:      layout_loops_cross, evilmike_ruin_ashenzari,
          mainiacjoe_overflow_alcove_1, kennysheep_small_spiral,
          kennysheep_generic_room_3
D:5:      layout_basic, temple_fountains, serial_shops, shop,
          nicolae_inconvenience_store, kennysheep_flooded_box, uniq_pikel
D:6:      layout_gridville, nicolae_vehumet_radiance, dk_noncrumbling_4
D:7:      layout_basic, gammafunk_temple_overflow_forgotten
D:8:      minmay_slanted_spiral_squares, layout_basic,
          nicolae_yredelemnul_corpse_copse, ebering_ghost_xom
D:9:      layout_roguey [special_room_bee], small_chamber_with_monster,
          dk_vineyard_3
Temple:   eino_temple_water

Notes
Turn   | Place    | Note
-------+----------+-------------------------------------------
     0 | D:1      | Drazool the Naga Shapeshifter began the quest for the Orb.
     0 | D:1      | Reached XP level 1. HP: 18/18 MP: 1/1
    34 | D:1      | Reached XP level 2. HP: 5/25 MP: 2/2
   311 | D:1      | Reached skill level 4 in Unarmed Combat
   382 | D:1      | Reached XP level 3. HP: 31/31 MP: 3/3
   446 | D:1      | Found Titis's Weapon Emporium.
  1023 | D:2      | Reached XP level 4. HP: 14/38 MP: 4/4
  1469 | D:3      | Reached skill level 5 in Unarmed Combat
  2373 | D:4      | Noticed an ogre
  2376 | D:4      | Killed an ogre
  2377 | D:4      | Reached skill level 3 in Fighting
  2377 | D:4      | Reached XP level 5. HP: 49/49 MP: 5/5
  2471 | D:4      | Reached skill level 4 in Shapeshifting
  2471 | D:4      | Reached XP level 6. HP: 41/56 MP: 6/6
  2751 | D:4      | Found an ornate altar of the Wu Jian Council.
  2782 | D:4      | Found a broken altar of Ashenzari.
  3334 | D:5      | Entered Level 5 of the Dungeon
  3450 | D:5      | Reached skill level 5 in Shapeshifting
  3466 | D:5      | Reached skill level 2 in Dodging
  3613 | D:5      | Found Fytyhol's Weapon Shoppe.
  3631 | D:5      | Reached XP level 7. HP: 62/62 MP: 7/7
  3718 | D:5      | Noticed Pikel
  3855 | D:5      | Killed Pikel
  3856 | D:5      | Reached skill level 7 in Unarmed Combat
  3856 | D:5      | Reached skill level 6 in Shapeshifting
  3856 | D:5      | Reached XP level 8. HP: 49/69 MP: 8/8
  3923 | D:5      | Found a staircase to the Ecumenical Temple.
  3930 | Temple   | Entered the Ecumenical Temple
  3944 | Temple   | Became a worshipper of Uskayaw the Reveller
  3988 | D:5      | Reached * piety under Uskayaw
  4165 | D:5      | Found Icier's Armour Emporium.
  4706 | D:6      | Reached ** piety under Uskayaw
  4707 | D:6      | Reached skill level 7 in Shapeshifting
  4754 | D:6      | Found a radiant altar of Vehumet.
  5144 | D:6      | Reached skill level 4 in Fighting
  5259 | D:6      | Reached skill level 5 in Fighting
  5259 | D:6      | Reached skill level 1 in Invocations
  5309 | D:6      | Reached skill level 2 in Invocations
  5354 | D:6      | Reached XP level 9. HP: 78/81 MP: 9/11
  5411 | D:6      | Reached skill level 3 in Invocations
  5631 | D:7      | Reached *** piety under Uskayaw
  5632 | D:7      | Reached skill level 4 in Invocations
  5749 | D:7      | Reached skill level 6 in Fighting
  5792 | D:7      | Reached skill level 1 in Evocations
  5815 | D:7      | Reached skill level 2 in Evocations
  6091 | D:7      | Found a bloodstained altar of Trog.
  6092 | D:7      | Found a shimmering altar of Xom.
  6230 | D:7      | Reached skill level 3 in Evocations
  6390 | D:7      | Reached **** piety under Uskayaw
  6391 | D:7      | Reached skill level 3 in Dodging
  6682 | D:7      | Found an opulent altar of Gozag.
  6900 | D:8      | Reached skill level 7 in Fighting
  6904 | D:8      | Reached ***** piety under Uskayaw
  7046 | D:8      | Reached skill level 8 in Unarmed Combat
  7049 | D:8      | Reached XP level 10. HP: 15/94 MP: 13/13
  7516 | D:8      | Found a runed translucent door.
  7516 | D:8      | Found a shimmering altar of Xom.
  7516 | D:8      | Noticed Midpoint's ghost (novice OnBr)
  7516 | D:8      | Noticed a +0 falchion of chaos
  7951 | D:8      | Reached skill level 9 in Unarmed Combat
  8212 | D:8      | Found a basalt altar of Yredelemnul.
  8252 | D:8      | Reached skill level 4 in Dodging
  8363 | D:8      | Reached skill level 5 in Invocations
  8456 | D:8      | Noticed a seven-headed hydra
  8869 | D:9      | Reached skill level 8 in Shapeshifting
  8875 | D:9      | Noticed a manticore
  8885 | D:9      | Killed a manticore
  8886 | D:9      | Reached skill level 6 in Invocations
  8893 | D:9      | Noticed a tengu warrior
  8904 | D:9      | Killed a tengu warrior
  8905 | D:9      | Reached skill level 7 in Invocations
  9143 | D:9      | Noticed a cyclops
  9158 | D:9      | Killed a cyclops
  9159 | D:9      | Reached skill level 8 in Fighting
  9159 | D:9      | Reached XP level 11. HP: 14/103 MP: 16/16
  9804 | D:9      | Reached skill level 5 in Dodging
 10031 | D:9      | HP: 7/103 [yak (14)]
 10031 | D:9      | Slain by a yak

Vanquished Creatures
  A tengu warrior (D:9)
  Pikel (D:5)
  A cyclops (D:9)
  A manticore (D:9)
  An unseen horror zombie (D:8)
  A troll (D:8)
  2 hornets
  2 shadows
  3 wyverns
  2 yaks (D:9)
  An acid dragon (D:9)
  2 water moccasins
  2 black bears
  An orc warrior (D:8)
  2 sky beasts (D:7)
  A hornet zombie (D:8)
  An ice beast (D:6)
  2 centaurs (D:8)
  2 ogres
  A lemure (D:5)
  A kobold brigand (D:9)
  2 phantoms
  3 bullfrogs
  4 scorpions
  A gnoll sergeant (D:9)
  A wyvern zombie (D:8)
  6 wights
  8 killer bees
  9 howler monkeys
  4 centaur zombies (D:8)
  2 hounds
  3 orc priests
  3 iguanas
  4 orc wizards
  A killer bee zombie (D:8)
  7 adders
  3 gnolls
  2 shadow imps
  A white imp (D:7)
  2 ufetubi (D:6)
  A dart slug (D:1)
  3 ribbon worms
  21 orcs
  7 ball pythons
  5 bats
  6 endoplasms
  2 giant cockroaches (D:1)
  2 goblins
  11 hobgoblins
  3 jackals (D:1)
  7 kobolds
  2 quokkas
  5 frilled lizards
  2 rats
174 creatures vanquished.

Table legend: (Time is in decaauts)
 A = Elapsed time spent in this place.
 B = Non-inter-level travel time spent in this place.
 C = Inter-level travel time spent in this place.
 D = Time resting spent in this place.
 E = Time spent auto-exploring this place.
 F = Levels seen in this place.
 G = Mean time per level.
                   A        B        C        D        E       F      G
               +--------+--------+--------+--------+--------+-----+--------+
         Total |  12221 |  11861 |    360 |   1237 |   8849 |  10 | 1222.1 |
       Dungeon |  12179 |  11857 |    322 |   1237 |   8849 |   9 | 1353.2 |
        Temple |     41 |      4 |     37 |      0 |      0 |   1 |   41.0 |
               +--------+--------+--------+--------+--------+-----+--------+

Top non-repeatable levels by time:
     D:8: 1801 daAuts
     D:7: 1661 daAuts
     D:5: 1629 daAuts
     D:9: 1456 daAuts
     D:6: 1349 daAuts
     D:4: 1270 daAuts
     D:3: 1240 daAuts
     D:2: 1024 daAuts
     D:1: 745 daAuts
  Temple: 41 daAuts

Table legend:
 A = Non-vault XP
 B = Vault XP
 C = Vault XP percentage of total XP
 D = Non-vault monster count
 E = Vault monster count
 F = Vault count percentage of total count
                 A         B        C        D         E       F
            +---------+---------+-------+---------+---------+-------
      Total |    7708 |    2875 |  27.2 |     150 |      23 |  13.3
            +---------+---------+-------+---------+---------+-------
        D:1 |      38 |       0 |   0.0 |      20 |       0 |   0.0
        D:2 |      46 |       1 |   2.1 |      12 |       1 |   7.7
        D:3 |      34 |       8 |  19.0 |      13 |       5 |  27.8
        D:4 |     384 |       2 |   0.5 |      11 |       1 |   8.3
        D:5 |     501 |     673 |  57.3 |      17 |       1 |   5.6
        D:6 |     928 |       0 |   0.0 |      17 |       0 |   0.0
        D:7 |    1255 |       0 |   0.0 |      14 |       0 |   0.0
        D:8 |    1371 |    1392 |  50.4 |      24 |      14 |  36.8
        D:9 |    3151 |     799 |  20.2 |      22 |       1 |   4.3
            +---------+---------+-------+---------+---------+-------
